 Dungeon Crawl Stone Soup version 0.18.1-50-g88ac8fd (webtiles) character file.

395 Goblin1989 the Digger (level 6, 0/49 HPs)
             Began as a Deep Dwarf Earth Elementalist on Oct 13, 2016.
             Slain by an orc
             ... wielding a +0 morningstar
              (11 damage)
             ... on level 3 of the Dungeon.
             The game lasted 00:22:16 (3507 turns).

Goblin1989 the Digger (DDEE)                        Turns: 3507, Time: 00:22:17

Health: 0/49       AC:  2    Str: 12    XL:     6   Next: 52%
Magic:  3/10       EV: 12    Int: 17    God:
Gold:   150        SH:  0    Dex: 13    Spells: 2 memorised, 7 levels left

rFire  . . .     SeeInvis .     o - +1 mace (drain)
rCold  . . .     Gourm    .     a - +0 robe
rNeg   . . .     Faith    .     (no shield)
rPois  .         Spirit   .     (no helmet)
rElec  .         Dismiss  .     (no cloak)
rCorr  .         Reflect  .     (no gloves)
SustAt .         Harm     .     (no boots)
MR     .....                    t - amulet of inaccuracy (curse)
Stlth  +++.......               (no ring)
                                x - ring of stealth

@: non-regenerating, not resistant to hostile enchantments, fairly stealthy
A: damage resistance, recharge devices, sense surroundings 1, slow regeneration
3
a: Device Recharging


You were on level 3 of the Dungeon.
You were not hungry.

You visited 1 branch of the dungeon, and saw 3 of its levels.

You collected 150 gold pieces.

Inventory:

Hand Weapons
 o - a +1 mace of draining (weapon)
Armour
 a - a +0 robe (worn)
Jewellery
 t - a cursed amulet of inaccuracy (around neck)
 x - a ring of stealth (left hand)
Wands
 h - a wand of heal wounds (2/9) {@v2}
Scrolls
 e - 2 scrolls of identify {unknown}
 i - a scroll of teleportation {unknown}
 l - a scroll of magic mapping {unknown}
 n - a scroll of remove curse {unknown}
 p - a scroll of amnesia {unknown}
 s - a scroll of blinking {unknown}
 u - a scroll of fear {unknown}
Potions
 g - a potion of lignification {unknown}
 j - a potion of cure mutation {unknown}
 k - a potion of heal wounds {unknown}
 m - a potion of mutation {unknown}
 q - a potion of berserk rage {unknown}
Books
 c - a book of Geomancy

   Spells                             Type                      Level
   a - Sandblast                      Earth                        1
   b - Passwall                       Transmutation/Earth          2
   c - Stone Arrow                    Conjuration/Earth            3
   d - Petrify                        Transmutation/Earth          4
   e - Lee's Rapid Deconstruction     Earth                        5
Comestibles
 d - 3 meat rations {@e2}
 f - a bread ration {@e1}
 r - 2 chunks of flesh {@w0}


   Skills:
 - Level 2.1 Dodging
 - Level 2.4 Stealth
 + Level 3.0 Spellcasting
 * Level 3.2 Conjurations
   Level 0.8 Transmutations
 * Level 7.2 Earth Magic


You had 7 spell levels left.
You knew the following spells:

 Your Spells              Type           Power        Failure   Level  Hunger
a - Sandblast             Erth           ####..       1%          1    None
b - Stone Arrow           Conj/Erth      ###...       8%          3    ###....


Dungeon Overview and Level Annotations

Branches:
Dungeon (3/15)

Altars:
Kikubaaqudgha

Annotations:
D:3 kraedy's ghost, amateur GrFi


Innate Abilities, Weirdness & Mutations

You are resistant to damage.
You can recharge devices by infusing magical energy.
You passively map a small area around you.
You do not regenerate naturally.


Message History

The kobold hits you with a war axe!
You take 6 damage, and have 22/49 hp.
You miss the kobold. The kobold hits you with a war axe.
You take 3 damage, and have 19/49 hp.
You hit the kobold. You drain the kobold!
You kill the kobold!
You hit the orc but do no damage. You drain the orc!
The orc is moderately wounded.
The orc hits you but does no damage. The orc hits you with a morningstar.
* * * LOW HITPOINT WARNING * * *
You take 3 damage, and have 16/49 hp.
You closely miss the orc.
The orc is moderately wounded.
The orc hits you with a morningstar.
* * * LOW HITPOINT WARNING * * *
You take 5 damage, and have 11/49 hp.
You closely miss the orc.
The orc is moderately wounded.
The orc hits you with a morningstar!
You die...

.ਜਜ ਜਜਜ.ਜ.......ਜ · .ਜ
ਜ.ਜ...ਜਜਜਜਜ ▓ .ਜ ਜ.ਜ..ਜਜ ·· ▓▓
∆ਜਜ ਜ.ਜ..ਜ ▓ ▓ ▓· ..ਜਜ ਜ....ਜ ·
· ...ਜਜ ਜਜਜ.ਜਜ ਜਜ▓ ▓ ....ਜਜ
ਜ..ਜਜ ਜਜ.ਜਜ
.....ਜਜਜਜ...ਜਜਜਜਜਜਜਜਜਜਜ...ਜ.ਜਜ
·
.....∆.........†@oo..(..)....▲
.....ਜਜਜਜ...ਜਜਜਜਜਜਜਜਜਜਜ...ਜ.ਜਜ·
....ਜਜ ਜ..ਜਜ ▓▓ ਜਜ.ਜਜ ...ਜਜ
ਜ.ਜਜ · ·..ਜ ..ਜਜ ਜ.ਜਜਜਜ ▓ ▓▓
ਜ.ਜ ∆ਜਜ ਜ....ਜ ▓▓ .ਜ ▓
.ਜਜਜਜਜਜਜਜਜਜਜ.ਜ .. .ਜ......ਜ ਜ.ਜ
· .ਜਜ .ਜ.ਜਜਜਜ.ਜ ਜ.ਜ ▓ ··


You could see 2 orcs.

Vanquished Creatures
  2 orc priests (D:3)
  3 orc wizards (D:3)
  Natasha (thrice) (D:2)
  3 gnolls (D:2)
  5 adders
  4 oozes
  4 worms
  2 dart slugs
  12 orcs (D:3)
  8 bats
  3 giant cockroaches
  6 goblins
  4 hobgoblins
  3 kobolds
  2 quokkas
  A ball python (D:3)
  3 giant newts (D:2)
  8 rats
76 creatures vanquished.

Vanquished Creatures (others)
  A human (D:2)
1 creature vanquished.

Grand Total: 77 creatures vanquished

Notes
Turn   | Place    | Note
--------------------------------------------------------------
     0 | D:1      | Goblin1989 the Deep Dwarf Earth Elementalist began the quest for the Orb.
     0 | D:1      | Reached XP level 1. HP: 15/15 MP: 3/3
   319 | D:1      | Reached XP level 2. HP: 17/22 MP: 1/5
   850 | D:2      | Reached skill level 5 in Earth Magic
   850 | D:2      | Reached XP level 3. HP: 22/28 MP: 3/6
   883 | D:2      | Learned a level 3 spell: Stone Arrow
  1317 | D:2      | Reached skill level 1 in Conjurations
  1344 | D:2      | Noticed Natasha
  1347 | D:2      | Killed Natasha
  1347 | D:2      | Reached XP level 4. HP: 23/36 MP: 5/7
  1363 | D:2      | Noticed Natasha
  1373 | D:2      | Killed Natasha
  1373 | D:2      | Noticed Natasha
  1392 | D:2      | Killed Natasha
  1392 | D:2      | Reached XP level 5. HP: 20/42 MP: 0/9
  1486 | D:2      | Reached skill level 6 in Earth Magic
  1599 | D:2      | Found an ancient bone altar of Kikubaaqudgha.
  1600 | D:2      | Noticed a human
  1602 | D:2      | Killed a human
  2513 | D:3      | Reached XP level 6. HP: 31/49 MP: 7/10
  2816 | D:3      | Noticed kraedy's ghost (amateur GrFi)
  3002 | D:3      | Reached skill level 7 in Earth Magic
  3507 | D:3      | Slain by an orc

Skill      XL: |  1  2  3  4  5  6 |
---------------+-------------------+-----
Spellcasting   | 2 3 |  3.0
Earth Magic    | 5 6 7 |  7.2
Conjurations   | 1 2 3 |  3.2
Dodging        | |  2.1
Stealth        | |  2.4
Transmutations | |  0.8

Action                   |  1- 3 |  4- 6 || total
-------------------------+-------+-------++-------
Melee: Mace              |       |    17 ||    17
 Cast: Sandblast         |    43 |    92 ||   135
       Stone Arrow       |     1 |     5 ||     6
Evoke: Wand              |       |     3 ||     3
  Eat: Chunk             |     2 |     6 ||     8
       Pizza             |       |     1 ||     1
Armor: Robe              |       |     8 ||     8
Dodge: Dodged            |     2 |    44 ||    46

Vault maps used:
D:1:      dpeg_arrival_prison, minmay_misc_feat_nine_boxes
D:2:      tgw_kikubaaqudgha, uniq_natasha
D:3:      tgw_trog, first_bread
